 Dungeon Crawl Stone Soup version 0.22.1-1-ga44c0e5 (webtiles) character file.

44 buskinjo2 the Slasher (level 3, -4/26 HPs)
             Began as an Octopode Chaos Knight on Sept 30, 2018.
             Slain by Crazy Yiuf
             ... wielding a +4 quarterstaff of chaos
              (5 damage)
             ... while paralysed by Crazy Yiuf
             ... on level 2 of the Dungeon.
             The game lasted 00:03:29 (1478 turns).

buskinjo2 the Slasher (Octopode Chaos Knight)       Turns: 1478, Time: 00:03:29

Health: -4/26      AC:  1    Str: 12    XL:     3   Next: 62%
Magic:  3/3        EV:  2    Int: 12    God:    Xom [..*...]
Gold:   94         SH:  0    Dex: 11    Spells: 2/2 levels left

rFire    . . .     SeeInvis .   a - +0 falchion (chaos)
rCold    . . .     Gourm    .   (no shield)
rNeg     . . .     Faith    .   (helmet restricted)
rPois    .         Spirit   .   (no amulet)
rElec    .         Reflect  .   f - ring of stealth
rCorr    +         Harm     .   l - ring of resist corrosion
MR       .....     Clarity  +   (no ring)
Stlth    +++.......             (no ring)
HPRegen  0.08/turn              (no ring)
MPRegen  0.08/turn              (no ring)
                                (no ring)
                                (no ring)

@: paralysed, hasted, drained
A: almost no armour, stealthy swim, amphibious, 8 rings, constrict 8, camouflage
1, clarity, dopey 1, gelatinous body 1
a: Renounce Religion


You were on level 2 of the Dungeon.
You worshipped Xom.
You were a toy of Xom.
You were not hungry.

You visited 1 branch of the dungeon, and saw 2 of its levels.

You collected 94 gold pieces.

Inventory:

Hand Weapons
 a - a +0 falchion of chaos (weapon)
Missiles
 g - 41 stones (quivered)
Jewellery
 f - a ring of stealth (left tentacle)
 l - a ring of resist corrosion (right tentacle)
 o - an uncursed ring of ice
Scrolls
 d - a scroll of random uselessness {unknown}
 h - a scroll of enchant armour {unknown}
 j - a scroll of blinking {unknown}
 k - a scroll of teleportation {unknown}
Potions
 c - a potion of resistance
 e - 2 potions of heal wounds
 i - a potion of flight
 m - a potion of curing {unknown}
Comestibles
 b - 4 rations
 n - a chunk of flesh


   Skills:
 - Level 3.0(2.4) Fighting
 + Level 4.5(3.9) Long Blades
 - Level 2.3(1.8) Dodging


You had 2 spell levels left.
You didn't know any spells.
Your spell library was empty.

Dungeon Overview and Level Annotations

Branches:
Dungeon (2/15)

Altars:
Qazlal

Annotations:
D:2 Crazy Yiuf


Innate Abilities, Weirdness & Mutations

You cannot wear most types of armour.
You are very stealthy in the water. (Stealth+)
You are amphibious.
You can wear up to eight rings at the same time.
You can use your tentacles to constrict eight enemies at once.
Your skin changes colour to match your surroundings (Stealth+).
Your rubbery body absorbs attacks. (AC +1, EV +1)
You possess an exceptional clarity of mind.
You are dopey. (Int -2)


Message History

Your grab misses Crazy Yiuf.
Crazy Yiuf is lightly wounded.
You hit Crazy Yiuf. You freeze Crazy Yiuf. You grab Crazy Yiuf.
Crazy Yiuf is moderately wounded.
You constrict Crazy Yiuf.
Crazy Yiuf says, "Reason is nothing but a wonderful and unintelligible Instinct in our souls."
Crazy Yiuf hits you with a quarterstaff of chaos.
You suddenly lose the ability to move!
You lose your grip on Crazy Yiuf.
Crazy Yiuf hits you with a quarterstaff of chaos!
You feel drained.
Xom is interested.
Crazy Yiuf completely misses you.
Crazy Yiuf hits you with a quarterstaff of chaos!
* * * LOW HITPOINT WARNING * * *
You feel yourself speed up.
Xom thinks this is hilarious!
Crazy Yiuf hits you with a quarterstaff of chaos.
You die...
Xom chortles!

#...# #...# #...# #..## #..#
####..####### ##########
......+...#.########
#........#
...........#..##...#
#........#
..........####.'@g.#
#........# ......+..##
###..)# #........# ......####
##### #........# <...#.#
#........# ....###
#.รท......# ....#
##############......###
....#####.........#.........#
...##.......#...###.........#
....).###...###.###.........#


You could see Crazy Yiuf.

Vanquished Creatures
  2 dart slugs (D:1)
  3 leopard geckos (D:1)
  7 bats
  2 giant cockroaches (D:2)
  2 hobgoblins
  4 kobolds (D:2)
  2 quokkas (D:2)
  A frilled lizard (D:1)
  6 goblins
  9 rats
38 creatures vanquished.

Notes
Turn   | Place    | Note
-------+----------+-------------------------------------------
     0 | D:1      | buskinjo2 the Octopode Chaos Knight began the quest for the
                  | Orb.
     0 | D:1      | Reached XP level 1. HP: 16/16 MP: 1/1
   185 | D:1      | XOM: harmless Summ miscast
   187 | D:1      | Reached XP level 2. HP: 16/21 MP: 2/2
   273 | D:1      | XOM: harmless Ice miscast
   404 | D:1      | Reached skill level 4 in Long Blades
   569 | D:1      | XOM: harmless Tloc miscast
   928 | D:2      | XOM: 6-stop teleportation journey
   929 | D:2      | Found a stormy altar of Qazlal.
   941 | D:2      | Reached XP level 3. HP: 26/26 MP: 3/3
  1373 | D:2      | Found a runed door.
  1457 | D:2      | XOM: give mutations
  1457 | D:2      | Gained mutation: You are robust. (+10% HP) [Xom's mischief]
  1457 | D:2      | Gained mutation: You possess an exceptional clarity of
                  | mind. [Xom's mischief]
  1457 | D:2      | Lost mutation: You are robust. (+10% HP) [Xom's mischief]
  1457 | D:2      | Gained mutation: You are dopey. (Int -2) [Xom's mischief]
  1470 | D:2      | Noticed Crazy Yiuf
  1474 | D:2      | Paralysed by Crazy Yiuf for 7 turns
  1477 | D:2      | HP: 1/26 [Crazy Yiuf/quarterstaff of chaos (8)]
  1478 | D:2      | Slain by Crazy Yiuf

Skill      XL: |  1  2 |
---------------+-------+-----
Long Blades    | 4 |  4.5
Fighting       | |  3.0
Dodging        | |  2.3

Action                   || total
-------------------------++-------
Melee: Falchion          ||    56
       Constrict         ||    16
       Tentacles         ||     9
  Use: Scroll            ||     3
 Stab: Sleeping          ||     8
  Eat: Chunk             ||     2
Armor: Skin              ||     7
Dodge: Dodged            ||    32
       Rpst.: Falchion   ||    11
